 Dungeon Crawl Stone Soup version 0.23-a0-395-gcf17ac6 (webtiles) character file.

11660 sleepydude the Blocker (level 11, -4/71 HPs)
             Began as a Gargoyle Fighter on Nov 1, 2018.
             Was a High Priest of Okawaru.
             Slain by a minotaur (10 damage)
             ... in a labyrinth.
             The game lasted 00:23:45 (10699 turns).

sleepydude the Blocker (Gargoyle Fighter)          Turns: 10699, Time: 00:23:46

Health: -4/71      AC: 29    Str: 22    XL:     11   Next: 81%
Magic:  10/11      EV:  8    Int: 10    God:    Okawaru [*****.]
Gold:   640        SH: 13    Dex: 12    Spells: 10/10 levels left

rFire    . . .     SeeInvis .   x - +3 flail (protect)
rCold    + . .     Gourm    .   c - +1 shield
rNeg     + . .     Faith    .   j - +0 plate armour
rPois    ∞         Spirit   .   (no helmet)
rElec    +         Reflect  .   (no cloak)
rCorr    .         Harm     .   (no gloves)
MR       .....                  (no boots)
Stlth    ..........             B - amulet of regeneration
HPRegen  0.61/turn              A - ring of protection from cold
MPRegen  0.12/turn              t - +3 ring of dexterity

@: protection aura
A: negative energy resistance 1, electricity resistance, unbreathing,
petrification resistance, rot immunity, AC +8
a: Heroism, Finesse, Renounce Religion


You were in a labyrinth.
You worshipped Okawaru.
Okawaru was extremely pleased with you.
You were not hungry.

You visited 3 branches of the dungeon, and saw 12 of its levels.
You also visited: Labyrinth.

You collected 640 gold pieces.

Inventory:

Hand Weapons
 m - a +0 war axe of chopping
 x - a +3 flail of protection (weapon)
Armour
 a - the +1 robe of the Desolation of Salt {rC+++ MR+ Dex-2 Stlth+}
   (You found it on level 4 of the Dungeon)

   It affects your dexterity (-2).
   It renders you almost immune to cold.
   It affects your resistance to hostile enchantments.
   It makes you more stealthy.
 b - a +0 scale mail
 c - a +1 shield (worn)
 j - a +0 plate armour (worn)
Jewellery
 h - an uncursed amulet of the gourmand
 t - a +3 ring of dexterity (right hand)
 w - an uncursed ring of protection from magic
 A - a ring of protection from cold (left hand)
 B - an amulet of regeneration (around neck)
 F - an uncursed ring of fire
 L - a +1 ring of evasion
Wands
 q - a wand of enslavement (3)
 y - a wand of iceblast (3)
 H - a wand of paralysis (13)
 I - a wand of flame (18)
 O - a wand of random effects (24)
Scrolls
 d - a scroll of holy word {unknown}
 e - 2 scrolls of magic mapping
 k - 2 scrolls of teleportation
 l - 11 scrolls of identify {@r1}
 n - 2 scrolls of enchant armour
 z - a scroll of fear {unknown}
 C - 2 scrolls of blinking {unknown}
 E - a scroll of enchant weapon
 K - 2 scrolls of brand weapon {unknown}
 M - a scroll of noise {unknown}
Potions
 g - 2 potions of cancellation {unknown}
 i - 8 potions of curing {unknown}
 o - 3 potions of magic {unknown}
 p - 2 potions of agility {unknown}
 r - 2 potions of mutation {unknown}
 s - 3 potions of ambrosia
 u - 3 potions of heal wounds {unknown}
 v - a potion of haste {unknown}
 D - a potion of lignification {unknown}
 G - a potion of degeneration {unknown}
 J - a potion of berserk rage {unknown}
Comestibles
 f - 23 rations


   Skills:
 + Level 9.0 Fighting
 + Level 9.6 Maces & Flails
 + Level 9.0 Armour
 + Level 6.5 Dodging
 - Level 2.0 Stealth
 + Level 10.0 Shields


You had 10 spell levels left.
You didn't know any spells.
Your spell library was empty.

Dungeon Overview and Level Annotations

Branches:
Dungeon (9/15)             Temple (1/1) D:6            Lair (2/6) D:9
  Swamp: Lair:2-4    Shoals: Lair:2-4     Snake: Lair:2-4    Spider: Lair:2-4
    Orc: D:9-12

Altars:
Dithmenos
Hepliaklqana
Kikubaaqudgha
Nemelex Xobeh
Okawaru
Ru
Wu Jian
Zin
Jiyva

Shops:
D:9 (}*

Annotations:
Lair:1 3 runed doors, Efoy's ghost, journeyman MiBe


Innate Abilities, Weirdness & Mutations

You are resistant to torment.
Your stone body is resilient. (AC +8)
You are immune to poison.
You resist negative energy. (rN+)
You are resistant to electric shocks. (rElec)
You can survive without breathing.
You are immune to petrification.
You are immune to rotting.


Message History

You feel like a meek peon again. The minotaur hits you!
* * * LOW HITPOINT WARNING * * *
The minotaur closely misses you.
You hit the minotaur but do no damage.
The minotaur is heavily wounded.
You block the minotaur's attack.
The minotaur gores you but does no damage.
You hit the minotaur but do no damage.
The minotaur is heavily wounded.
The minotaur hits you but does no damage.
The minotaur closely misses you.
You hit the minotaur but do no damage.
The minotaur is heavily wounded.
You block the minotaur's attack.
The minotaur gores you but does no damage.
You hit the minotaur but do no damage.
The minotaur is heavily wounded.
The minotaur hits you!
You die...

# # .. #.
..# . # #
#.# ..# #
#.#.# ###+##
##. .###.#.#
#..⌠.# . .
... .
##<@H.# ####
# #.'(((..⌠+
# #.###.⌠..#
#####.#.###.
##+### ..
...#. ...# #
# ### #.#
######
.#...... .
.. .# # #.##
. #..##.. #
# .
#.#.....# .


You could see a minotaur.

Vanquished Creatures
  A two-headed ogre (D:8)
  4 spiny frogs
  A komodo dragon (D:9)
  A troll (D:9)
  3 hippogriffs
  2 shadows (Lab)
  Sigmund (D:6)
  A wraith (D:9)
  17 yaks
  4 hogs (D:7)
  A human (D:7)
  Menkaure (D:4)
  3 water moccasins (Lair:1)
  2 porcupines (Lair:1)
  2 orc warriors (D:9)
  4 ice beasts
  4 sky beasts
  A black bear (D:8)
  An eye of draining (D:9)
  A necrophage (D:7)
  A phantom (D:8)
  2 ogres
  A centaur (D:7)
  A crocodile (Lair:1)
  4 bullfrogs
  A gnoll sergeant (D:7)
  A scorpion (D:9)
  13 killer bees
  13 wights
  3 howler monkeys (D:8)
  2 crimson imps (D:8)
  A bullfrog zombie (D:7)
  3 jellies
  4 hounds
  7 orc priests
  8 orc wizards
  An iguana (D:9)
  7 worker ants
  A killer bee zombie (D:5)
  A hound zombie (D:9)
  2 hound skeletons (D:4)
  A worker ant zombie (D:7)
  14 adders
  5 gnolls (D:7)
  4 shadow imps
  An ooze (D:1)
  2 worms
  A dart slug (D:3)
  9 leopard geckos
  31 orcs
  6 bats
  4 giant cockroaches
  6 hobgoblins
  6 jackals
  10 kobolds
  4 quokkas
  2 ball pythons
  4 frilled lizards
  5 goblins
  A leopard gecko skeleton (D:7)
  A quokka skeleton (D:9)
  7 rats
256 creatures vanquished.

Vanquished Creatures (others)
  An orc wizard (D:9)
  A shadow imp (D:7)
2 creatures vanquished.

Grand Total: 258 creatures vanquished

Notes
Turn   | Place    | Note
-------+----------+-------------------------------------------
     0 | D:1      | sleepydude the Gargoyle Fighter began the quest for the
                  | Orb.
     0 | D:1      | Reached XP level 1. HP: 14/14 MP: 1/1
   130 | D:1      | Reached XP level 2. HP: 19/19 MP: 2/2
   521 | D:1      | Reached XP level 3. HP: 23/23 MP: 3/3
  1473 | D:2      | Reached skill level 4 in Shields
  1473 | D:2      | Reached XP level 4. HP: 25/29 MP: 4/4
  2216 | D:3      | Reached XP level 5. HP: 21/33 MP: 5/5
  2879 | D:4      | Got a distressingly furry robe
  2890 | D:4      | Identified the cursed +1 robe of the Desolation of Salt
                  | {rC+++ MR+ Dex-2 Stlth+} (You found it on level 4 of the
                  | Dungeon)
  2895 | D:4      | Noticed Menkaure
  2906 | D:4      | Killed Menkaure
  2906 | D:4      | Reached skill level 1 in Dodging
  2906 | D:4      | Reached XP level 6. HP: 20/38 MP: 6/6
  3518 | D:3      | Reached skill level 5 in Shields
  4017 | D:4      | Reached XP level 7. HP: 41/43 MP: 7/7
  4264 | D:5      | Entered Level 5 of the Dungeon
  4280 | D:5      | Found a sparkling altar of Nemelex Xobeh.
  4497 | D:5      | Reached skill level 5 in Maces & Flails
  5095 | D:6      | Noticed Sigmund
  5124 | D:6      | Found a sparkling altar of Nemelex Xobeh.
  5216 | D:6      | Killed Sigmund
  5216 | D:6      | Reached skill level 1 in Stealth
  5294 | D:6      | Reached XP level 8. HP: 15/48 MP: 8/8
  5297 | D:6      | Reached skill level 6 in Shields
  5892 | D:6      | Found a sparkling altar of Nemelex Xobeh.
  6015 | D:6      | Found a staircase to the Ecumenical Temple.
  6040 | Temple   | Entered the Ecumenical Temple
  6062 | Temple   | Became a worshipper of Warmaster Okawaru
  6195 | D:7      | Noticed a hippogriff
  6209 | D:7      | Killed a hippogriff
  6209 | D:7      | Reached skill level 5 in Fighting
  6274 | D:7      | Reached skill level 5 in Armour
  6281 | D:7      | Reached XP level 9. HP: 54/54 MP: 9/9
  6315 | D:7      | Reached skill level 7 in Shields
  6481 | D:7      | Reached * piety under Okawaru
  6646 | D:7      | Reached ** piety under Okawaru
  6937 | D:7      | Reached skill level 8 in Shields
  6937 | D:7      | Reached XP level 10. HP: 59/61 MP: 10/10
  7090 | D:8      | Reached *** piety under Okawaru
  7366 | D:8      | Reached skill level 5 in Dodging
  7397 | D:8      | Noticed a two-headed ogre
  7419 | D:8      | Killed a two-headed ogre
  8046 | D:9      | Reached **** piety under Okawaru
  8209 | D:9      | Reached skill level 9 in Shields
  8356 | D:9      | Found Xaol's General Store.
  8386 | D:9      | Reached XP level 11. HP: 66/68 MP: 11/11
  8552 | D:9      | Found a staircase to the Lair.
  8607 | D:9      | Found Heoss's Antique Weapon Emporium.
  8677 | D:9      | Received a gift from Okawaru
  8781 | D:9      | Found the +5 scythe "Finisher" {speed, Str+3}
  8908 | D:9      | Found Paurrego's Gadget Emporium.
  9111 | D:9      | Got a faintly humming robe
  9112 | D:9      | Identified the +2 robe "Kuel" {Int+6} (You found it on
                  | level 9 of the Dungeon)
  9480 | Lair:1   | Entered Level 1 of the Lair of Beasts
  9571 | Lair:1   | Reached ***** piety under Okawaru
  9619 | Lair:1   | Received a gift from Okawaru
 10079 | Lair:1   | Found a runed gate.
 10080 | Lair:1   | Found a runed gate.
 10081 | Lair:1   | Found a runed gate.
 10104 | Lair:1   | Found a viscous altar of Jiyva.
 10104 | Lair:1   | Noticed Efoy's ghost (journeyman MiBe)
 10104 | Lair:1   | Noticed a death ooze
 10307 | Lair:1   | Reached skill level 10 in Shields
 10439 | Lair:2   | Found a labyrinth entrance.
 10448 | Lab      | Entered a labyrinth
 10682 | Lab      | Noticed a minotaur
 10699 | Lab      | Slain by a minotaur

Vault maps used:
D:1:      dpeg_arrival_tiny_h
D:2:      kennysheep_cluttered_room, minmay_pentomino_s4
D:4:      minmay_misc_feat_cross, chequers_avenue, minmay_fountain_box,
          minmay_misc_feat_alley, minmay_misc_feat_diagonals, uniq_menkaure
D:5:      lemuel_crystal_altar, first_ration, serial_rivers,
          chequers_serial_rivers_small_3, chequers_serial_rivers_micro_e,
          chequers_serial_rivers_micro_c, chequers_serial_rivers_small_3,
          hangedman_abyss_or_decor_stagger
D:6:      minmay_temple_entry_glass, basic_altar, nemelex_spade_bored_becter,
          uniq_sigmund
D:7:      lemuel_ice_spiral_2, grunt_livestock
D:9:      lair_entry_dummy, serial_shops, kennysheep_little_box,
          kennysheep_mini_moat, shop, st_stairs_13,
          minmay_guarded_unrand_finisher
Temple:   regret_index_temple_sigil_plot
Lair:1:   gammafunk_ghost_ooze, beast_lair_carwin_11
Lair:2:   maelrawn_ghost_labyrinth_escape, lab_entry_generic
Lab:      labyrinth_hidden_loot, lab_hedge, nicolae_lab_do_over

Skill      XL: |  1  2  3  4  5  6  7  8  9 10 11 |
---------------+----------------------------------+-----
Maces & Flails | 3 4 5 7 8 9 |  9.6
Shields        | 4 5 6 8 9 10 | 10.0
Armour         | 4 5 6 7 9 |  9.0
Fighting       | 4 5 6 7 9 |  9.0
Dodging        | 1 2 3 4 5 6 |  6.5
Stealth        | 1 2 |  2.0

Action                   |  1- 3 |  4- 6 |  7- 9 | 10-12 || total
-------------------------+-------+-------+-------+-------++-------
Melee: Flail             |   139 |   198 |   347 |   669 ||  1353
Invok: Heroism           |       |       |       |     6 ||     6
  Use: Scroll            |       |     8 |     2 |     4 ||    14
       Potion            |       |       |     1 |       ||     1
 Stab: Sleeping          |       |     1 |     2 |       ||     3
  Eat: Chunk             |     2 |    16 |    11 |     2 ||    31
       Ration            |       |       |       |     2 ||     2
Armor: Scale mail        |    85 |    91 |       |       ||   176
       Robe              |       |    14 |    48 |       ||    62
       Plate armour      |       |       |   152 |   415 ||   567
Dodge: Dodged            |    49 |    50 |    91 |   207 ||   397
Block: Shield            |    74 |   128 |   190 |   442 ||   834

Table legend:
 A = Non-vault XP
 B = Vault XP
 C = Vault XP percentage of total XP
 D = Non-vault monster count
 E = Vault monster count
 F = Vault count percentage of total count
                 A         B        C        D         E       F
            +---------+---------+-------+---------+---------+-------
      Total |   12960 |    3698 |  22.2 |     237 |      20 |   7.8
            +---------+---------+-------+---------+---------+-------
        D:1 |      52 |       0 |   0.0 |      27 |       0 |   0.0
        D:2 |     100 |       5 |   4.8 |      17 |       3 |  15.0
        D:3 |     127 |       0 |   0.0 |      17 |       0 |   0.0
        D:4 |     188 |     172 |  47.8 |      15 |       1 |   6.2
        D:5 |     221 |       0 |   0.0 |      11 |       0 |   0.0
        D:6 |     745 |     208 |  21.8 |      18 |       1 |   5.3
        D:7 |    2589 |     969 |  27.2 |      36 |       5 |  12.2
        D:8 |    2513 |       0 |   0.0 |      32 |       0 |   0.0
        D:9 |    3881 |     672 |  14.8 |      51 |       4 |   7.3
     Lair:1 |    2544 |    1244 |  32.8 |      13 |       4 |  23.5
        Lab |       0 |     428 | 100.0 |       0 |       2 | 100.0
            +---------+---------+-------+---------+---------+-------
